 Dungeon Crawl Stone Soup version 0.26.1-11-gd32895ea62 (webtiles) character file.

Game seed: 6405124772999638075

389 Descartes the Insei (level 6, -9/32 HPs)
             Began as a Vine Stalker Transmuter on June 19, 2021.
             Killed by divine providence
             ... invoked by an orc priest
              (11 damage)
             ... on level 4 of the Dungeon.
             The game lasted 00:10:54 (4500 turns).

Descartes the Insei (Vine Stalker Transmuter)       Turns: 4500, Time: 00:10:55

Health: -9/32      AC:  7    Str: 14    XL:     6   Next: 79%
Magic:  0/11       EV: 13    Int: 13    God:
Gold:   183        SH:  0    Dex: 15    Spells: 10/11 levels left

rFire    . . .     SeeInvis .     - Unarmed
rCold    . . .     Faith    .   (no shield)
rNeg     . . .     Spirit   +   a - +1 robe
rPois    .         Reflect  .   (helmet currently unavailable)
rElec    .         Harm     .   (no cloak)
rCorr    .         Rampage  .   (no gloves)
Will     .....                  (boots currently unavailable)
Stlth    ++........             f - amulet of magic regeneration
HPRegen  0.50/turn              s - +4 ring of protection
MPRegen  0.37/turn              (no ring)

@: appendages
A: fangs 2, horns 2, talons 2, regeneration 1, magic shield, antimagic bite, no
potion heal 3
a: End Transformation


You were on level 4 of the Dungeon.
You had grown temporary horns.
You had grown temporary talons.
You visited 1 branch of the dungeon, and saw 4 of its levels.
You also visited: Sewer.

You collected 183 gold pieces.

Inventory:

Missiles
 c - 86 stones
 d - 33 arrows
 i - 5 boomerangs
 k - 56 poisoned darts
 o - 7 javelins
 p - 15 sling bullets
Armour
 a - a +1 robe (worn)
 r - a +0 leather armour
Jewellery
 f - an amulet of magic regeneration (around neck)
 s - a +4 ring of protection (left hand)
Wands
 g - a wand of enslavement (7)
Scrolls
 e - 4 scrolls of enchant armour
 j - 2 scrolls of magic mapping
 n - a scroll of enchant weapon
 t - a scroll of immolation
 w - 2 scrolls of fear
 x - a scroll of teleportation
Potions
 b - 4 potions of flight {unknown}
 h - 2 potions of heal wounds {unknown}
 l - a potion of cancellation
 m - a potion of attraction
 q - a potion of curing {unknown}
 v - a potion of lignification


   Skills:
 + Level 2.5 Fighting
 + Level 2.9 Dodging
 + Level 3.3 Stealth
 + Level 4.1 Unarmed Combat
 - Level 3.0 Spellcasting
 + Level 3.4 Transmutations


You had 10 spell levels left.
You knew the following spells:

 Your Spells              Type           Power        Failure   Level
a - Beastly Appendage     Tmut           20%          5%          1

Your spell library contained the following spells:

 Spells                   Type           Power        Failure   Level
 Wereblood                Tmut           10%          9%          2
 Spider Form              Tmut/Pois      3%           34%         3
 Ice Form                 Ice/Tmut       6%           75%         4
 Blade Hands              Tmut           5%           83%         5


Dungeon Overview and Level Annotations

Branches:
Dungeon (4/15)              Sewer (visited)
 Temple: D:4-7

Altars:
Qazlal
Wu Jian

Annotations:
D:2 Sigmund, Terence


Innate Abilities, Weirdness & Mutations

You have extremely sharp teeth.
Your natural rate of healing is unusually fast.
When hurt, damage is shared between your health and your magic reserves.
Your bite disrupts and absorbs the magic of your enemies.
Potions cannot restore your health.
You have a pair of horns on your head.
You have razor-sharp toenails.


Message History

The orc priest hits you with a +0 dagger.
You closely miss the orc priest. You claw the orc priest.
You headbutt the orc priest.
The orc priest is heavily wounded.
The orc priest closely misses you.
The orc priest hits you but does no damage.
You bump into the rock wall.
You feel less invigorated.
You feel less confused.
The orc priest calls down the wrath of Beogh upon you.
Pain shoots through your body!
* * * LOW HITPOINT WARNING * * *
The orc priest hits you with a +0 trident.
* * * LOW HITPOINT WARNING * * *
The orc priest hits you from afar with a +0 trident.
* * * LOW HITPOINT WARNING * * *
Things that are here:
a +0 flail; a +0 leather armour; a +0 war axe The orc priest calls down the wrath of Beogh upon you.
Beogh smites you!
You die...

......... ......... .....#
......... .......# . .. ...##....
.............# #. ..##....##
.............# ##. .##..#...#
...##. ....... #.. .#..# #..##
##.# #......... ##.. o..#
#...###..###..# #...# ##.#. ...#
#.......>#@...# #..###..## ..o##
#....###.)###..###..##...##
..Z.###.o..###o## #..###........
.....#o.#...#.o.# #<.....####..
........##......## ###......# ##.
....8#8.###..##..###..........###
....#?#.# ##.# ......#.....##....
....8#8.###..###........#..# ###.
...............#.........#.#####.


You could see 2 orc priests.

Vanquished Creatures
  A big kobold (Sewer)
  4 orc priests
  An orc wizard (D:3)
  A hound skeleton (D:4)
  3 adders (D:3)
  A river rat (D:3)
  2 oozes
  An adder zombie (D:3)
  5 worms
  3 dart slugs
  3 leopard geckos
  7 orcs
  3 giant cockroaches
  8 goblins
  9 hobgoblins
  A jackal (Sewer)
  16 kobolds
  A quokka (D:3)
  14 bats
  4 frilled lizards
  10 rats
98 creatures vanquished.

Notes
Turn   | Place    | Note
-------+----------+-------------------------------------------
     0 | D:1      | Descartes the Vine Stalker Transmuter began the quest for
                  | the Orb.
     0 | D:1      | Reached XP level 1. HP: 9/9 MP: 4/4
   159 | D:1      | Reached skill level 1 in Fighting
   297 | D:1      | Reached XP level 2. HP: 9/14 MP: 1/6
   801 | D:1      | You fall into a shaft and drop 1 floor!
   807 | D:2      | Reached skill level 1 in Stealth
  1173 | D:1      | Reached XP level 3. HP: 17/18 MP: 7/7
  2368 | D:2      | Noticed Terence
  2828 | D:2      | Gained mutation: Your natural rate of healing is unusually
                  | fast. [Vine Stalker growth]
  2828 | D:2      | Reached XP level 4. HP: 21/22 MP: 8/8
  2838 | D:2      | Noticed Sigmund
  3029 | D:3      | Found a glowing drain.
  3033 | Sewer    | Entered a sewer
  3105 | Sewer    | Noticed a big kobold
  3158 | Sewer    | Killed a big kobold
  3159 | Sewer    | Reached XP level 5. HP: 8/26 MP: 5/10
  3235 | Sewer    | Found a white marble altar of Elyvilon.
  3845 | D:3      | Found a stormy altar of Qazlal.
  3847 | D:3      | Noticed a fire elemental
  3848 | D:3      | Noticed an air elemental
  3848 | D:3      | Noticed a water elemental
  3918 | D:3      | Reached XP level 6. HP: 11/30 MP: 6/11
  4045 | D:3      | Reached skill level 4 in Unarmed Combat
  4112 | D:3      | Found an ornate altar of the Wu Jian Council.
  4500 | D:4      | Killed from afar by an orc priest

Illustrated notes

Levels and vault maps discovered:
D:1:      erik_arrival_blinker_ship, layout_loops_ring, minmay_liquid_box
D:2:      layout_rooms, uniq_terence, uniq_sigmund
D:3:      layout_loops_ring, pdpol_wu_jian_five_deadly_venoms,
          gup_sewer_entry_spiral, nicolae_qazlal_style_of_elements
D:4:      layout_layer_cave, kennysheep_mini, minmay_statues_item,
          minmay_fractal_squares_gapless_5

Skill      XL: |  1  2  3  4  5  6 |
---------------+-------------------+-----
Fighting       | 1 2 |  2.5
Stealth        | 1 2 3 |  3.3
Dodging        | 2 |  2.9
Transmutations | 3 |  3.4
Spellcasting   | 3 |  3.0
Unarmed Combat | 4 |  4.1

Action                   |  1- 3 |  4- 6 || total
-------------------------+-------+-------++-------
Melee: Unarmed           |   148 |   241 ||   389
       Bite              |    31 |    64 ||    95
       Punch             |     1 |     2 ||     3
       Kick              |       |    25 ||    25
       Headbutt          |       |    14 ||    14
 Cast: Beastly Appendage |       |    25 ||    25
  Use: Scroll            |       |    11 ||    11
       Potion            |       |     3 ||     3
 Stab: Sleeping          |     3 |     5 ||     8
       Invisible         |       |     3 ||     3
Armor: Robe              |    26 |    34 ||    60
Dodge: Dodged            |   103 |   120 ||   223
